 Dungeon Crawl Stone Soup version 0.22.1-1-ga44c0e5 (webtiles) character file.

106 Garbasso the Caller (level 4, -1/30 HPs)
             Began as a Demonspawn Summoner on Oct 3, 2018.
             Was a Follower of Dithmenos.
             Killed by divine providence
             ... invoked by an orc priest
              (12 damage)
             ... on level 3 of the Dungeon.
             The game lasted 00:14:39 (3940 turns).

Garbasso the Caller (Demonspawn Summoner)           Turns: 3940, Time: 00:14:40

Health: -1/30      AC:  3    Str:  9    XL:     4   Next: 55%
Magic:  6/8        EV: 12    Int: 17    God:    Dithmenos [*.....]
Gold:   96         SH:  0    Dex: 13    Spells: 2/8 levels left

rFire    . . .     SeeInvis .   c - +0 spear
rCold    . . .     Gourm    .   (no shield)
rNeg     . . .     Faith    .   a - +0 robe
rPois    .         Spirit   .   (no helmet)
rElec    .         Reflect  .   (no cloak)
rCorr    .         Harm     .   (no gloves)
MR       .....                  m - +0 pair of boots
Stlth    ++........             (no amulet)
HPRegen  0.10/turn              (no ring)
MPRegen  0.11/turn              (no ring)

@: wreathed by umbra
A: talons 2
a: Renounce Religion


You were on level 3 of the Dungeon.
You worshipped Dithmenos.
Dithmenos was aware of your devotion.
You were hungry.

You visited 1 branch of the dungeon, and saw 3 of its levels.

You collected 96 gold pieces.

Inventory:

Hand Weapons
 c - a +0 spear (weapon)
Missiles
 f - 2 curare-tipped needles
 j - 86 stones (quivered)
 k - 15 poisoned needles
Armour
 a - a +0 robe (worn)
 m - a +0 pair of boots (worn)
Jewellery
 h - an uncursed ring of wizardry {unknown}
 i - a cursed ring of teleportation {unknown}
 l - an uncursed ring of protection from cold {unknown}
Scrolls
 g - 3 scrolls of teleportation
Potions
 b - a potion of heal wounds
 e - a potion of curing
 o - a potion of lignification {unknown}
 p - a potion of haste {unknown}
Comestibles
 n - a ration
 r - 2 chunks of flesh


   Skills:
 - Level 2.3 Dodging
 - Level 1.7 Stealth
 + Level 2.9 Spellcasting
 * Level 5.2 Summonings


You had 2 spell levels left.
You knew the following spells:

 Your Spells              Type           Power        Failure   Level  Hunger
a - Summon Small Mammal   Summ           ###.         1%          1    None
b - Call Imp              Summ           ###.....     3%          2    ##.....
c - Call Canine Familiar  Summ           ###.....     6%          3    ###....

Your spell library contained the following spells:

 Spells                   Type           Power        Failure   Level  Hunger
 Magic Dart               Conj           #...         19%         1    None
 Blink                    Tloc           N/A          26%         2    ##.....
 Slow                     Hex            #.......     26%         2    ##.....
 Summon Guardian Golem    Hex/Summ       ##......     19%         3    ###....
 Conjure Flame            Conj/Fire      #.......     47%         3    ###....
 Mephitic Cloud           Conj/Pois/Air  #.......     47%         3    ###....
 Summon Ice Beast         Ice/Summ       ##......     52%         4    ####...
 Summon Lightning Spire   Summ/Air       ##......     52%         4    ####...


Dungeon Overview and Level Annotations

Branches:
Dungeon (3/15)

Altars:
Dithmenos
Fedhas
Gozag
Makhleb
Okawaru
Qazlal
Ru
Sif Muna
Trog
Xom
Yredelemnul


Innate Abilities, Weirdness & Mutations

You have razor-sharp toenails.


Message History

Attack whom?
Press: ? - help, Dir - move target cursor, f/p - orc
Aim: an orc, wielding a short sword and wearing a leather armour You could not reach far enough!
Your hound bites the orc but does no damage.
The orc barely misses your hound.
Your hound bites the orc.
Attack whom?
Press: ? - help, Dir - move target cursor, f/p - orc
Aim: an orc, wielding a short sword and wearing a leather armour (heavily You reach to attack!
You strike the helpless orc from behind!
You hit the orc.
You kill the orc!
Dithmenos accepts your kill.
The orc priest calls down the wrath of Beogh upon you.
Your hound writhes in agony!
Your hound closely misses the orc priest.
The orc priest invokes the aid of Beogh against you.
Beogh smites you!
You die...

#.# #.# #.#
#.# #.# #.#
#o# #h# #@#
##.#######
#.#......#
##<#####.#
###
#.#####.####
#..<........
#..#########
#>.#
#..#########


You could see an orc priest and a friendly hound.

Vanquished Creatures
  2 gnolls (D:2)
  2 adders (D:2)
  An ooze (D:2)
  2 orcs (D:3)
  A giant cockroach (D:1)
  3 goblins (D:1)
  A hobgoblin (D:2)
  5 jackals
  2 frilled lizards (D:1)
  3 kobolds
  6 rats
28 creatures vanquished.

Vanquished Creatures (collateral kills)
  2 gnolls (D:2)
  2 adders (D:2)
  2 worms (D:2)
  A dart slug (D:1)
  2 leopard geckos (D:2)
  An orc (D:3)
  2 ball pythons
  A bat (D:1)
  2 giant cockroaches
  3 goblins
  4 hobgoblins
  5 kobolds
  2 quokkas (D:2)
  2 frilled lizards
  A leopard gecko skeleton (D:3)
  5 rats
37 creatures vanquished.

Grand Total: 65 creatures vanquished

Notes
Turn   | Place    | Note
-------+----------+-------------------------------------------
     0 | D:1      | Garbasso the Demonspawn Summoner began the quest for the
                  | Orb.
     0 | D:1      | Reached XP level 1. HP: 13/13 MP: 3/3
   472 | D:1      | Gained mutation: You have sharp toenails. [demonic
                  | ancestry]
   472 | D:1      | Reached XP level 2. HP: 18/19 MP: 5/5
   479 | D:1      | Learned a level 2 spell: Call Imp
  1247 | D:2      | Gained mutation: You have razor-sharp toenails. [demonic
                  | ancestry]
  1247 | D:2      | Reached XP level 3. HP: 12/24 MP: 6/6
  1546 | D:2      | Found a shadowy altar of Dithmenos.
  1687 | D:2      | Became a worshipper of Dithmenos the Shadowed
  1754 | D:2      | Found an opulent altar of Gozag.
  1790 | D:2      | HP: 1/24 [hobgoblin/spear (2)]
  2208 | D:2      | Learned a level 3 spell: Call Canine Familiar
  2245 | D:2      | Found a stormy altar of Qazlal.
  2613 | D:2      | Found a burning altar of Makhleb.
  2642 | D:2      | Found an iron altar of Okawaru.
  2762 | D:2      | Found a blossoming altar of Fedhas.
  2762 | D:2      | Found a sacrificial altar of Ru.
  2763 | D:2      | Found a shimmering altar of Xom.
  2763 | D:2      | Found a bloodstained altar of Trog.
  2921 | D:2      | Reached * piety under Dithmenos
  2921 | D:2      | Reached XP level 4. HP: 21/30 MP: 1/8
  2927 | D:2      | Reached skill level 5 in Summonings
  3551 | D:2      | Found a deep blue altar of Sif Muna.
  3692 | D:3      | Found a basalt altar of Yredelemnul.
  3940 | D:3      | Killed from afar by an orc priest

Skill      XL: |  1  2  3  4 |
---------------+-------------+-----
Dodging        | 2 |  2.3
Summonings     | 5 |  5.2
Stealth        | |  1.7
Spellcasting   | |  2.9

Action                   |  1- 3 |  4- 6 || total
-------------------------+-------+-------++-------
Melee: Unarmed           |    32 |       ||    32
       Dagger            |    85 |    39 ||   124
       Kick              |     7 |       ||     7
       Spear             |       |     4 ||     4
Throw: Stone             |     6 |       ||     6
 Cast: Summon Small Mamm |    27 |       ||    27
       Call Imp          |    14 |     3 ||    17
       Call Canine Famil |     5 |     6 ||    11
  Use: Scroll            |     3 |     3 ||     6
 Stab: Sleeping          |     2 |       ||     2
       Distracted        |       |     1 ||     1
  Eat: Chunk             |     4 |     4 ||     8
       Ration            |     1 |       ||     1
Armor: Robe              |    35 |     3 ||    38
Dodge: Dodged            |    76 |    32 ||   108
